 Dungeon Crawl Stone Soup version 0.20-a0-208-g55166f7 (webtiles) character file.

101 deepsabbath the Ducker (level 4, -1/24 HPs)
             Began as a Deep Elf Fire Elementalist on Nov 25, 2016.
             Slain by a centaur (7 damage)
             ... on level 5 of the Dungeon.
             The game lasted 00:06:10 (2946 turns).

deepsabbath the Ducker (Deep Elf Fire Elementalist) Turns: 2946, Time: 00:06:11

Health: -1/24      AC:  4    Str:  6      XL:     4   Next: 48%
Magic:  10/10      EV: 20    Int: 19 (20) God:
Gold:   64         SH:  0    Dex: 12 (15) Spells: 8/9 levels left

rFire  + . .     SeeInvis .     d - +0 mace
rCold  . . .     Gourm    .     a - +0 robe
rNeg   . . .     Faith    .     (no shield)
rPois  .         Spirit   .     (no helmet)
rElec  .         Reflect  .     o - +0 cloak
rCorr  .         Harm     .     h - +0 pair of gloves
MR     .....                    (no boots)
Stlth  ++........               (no amulet)
                                m - ring of protection from fire {rF+, !d}
                                j - +5 ring of evasion

@: no status effects
A: no striking features
a: no special abilities


You were on level 5 of the Dungeon.
You were not hungry.

You visited 1 branch of the dungeon, and saw 5 of its levels.

You collected 64 gold pieces.

Inventory:

Hand Weapons
 d - a +0 mace (weapon)
   (You found it on level 1 of the Dungeon)
Armour
 a - a +0 robe (worn)
 h - a +0 pair of gloves (worn)
   (You found it on level 1 of the Dungeon)
 o - a +0 cloak (worn)
   (You found it on level 2 of the Dungeon)
Jewellery
 j - a +5 ring of evasion (left hand)
   (You found it on level 1 of the Dungeon)
 m - a ring of protection from fire (right hand) {rF+, !d}
   (You found it on level 1 of the Dungeon)
 r - an uncursed ring of magical power {MP+9}
   (You found it on level 2 of the Dungeon)
Scrolls
 e - a scroll of random uselessness {unknown}
 g - 2 scrolls of identify {unknown}
 i - a scroll of remove curse {unknown}
 l - 4 scrolls of fog {unknown}
 n - a scroll of fear {unknown}
 p - a scroll of magic mapping {unknown}
 q - a scroll of teleportation {unknown}
 t - a scroll of enchant armour {unknown}
Potions
 f - a potion of degeneration {!q}
Books
 b - a book of Flames
Comestibles
 c - 2 bread rations {@e1}
 k - 2 chunks of flesh {@w0}
 s - 5 fruits


   Skills:
 + Level 5.8 Dodging
 - Level 2.4 Stealth
 - Level 3.0 Spellcasting
 - Level 1.1 Conjurations
 - Level 3.2 Fire Magic


You had 8 spell levels left.
You knew the following spells:

 Your Spells              Type           Power        Failure   Level  Hunger
a - Flame Tongue          Conj/Fire      ##...        10%         1    None


Dungeon Overview and Level Annotations

Branches:
Dungeon (5/15)
 Temple: D:4-7

Altars:

Shops:
D:5 }

Portals:
Sewer: D:4

Annotations:
D:2 Sigmund


Message History

You barely miss the gnoll. The gnoll closely misses you.
You hit the gnoll. The gnoll completely misses you.
You hit the gnoll. The gnoll barely misses you. The gnoll hits you with a whip.
You take 1 damage, and have 19/24 hp.
You hit the gnoll but do no damage. The gnoll misses you.
You hit the gnoll.
You kill the gnoll!
No target in view!
No target in view!
You start resting.
Health restored: 24
Things that are here:
a whip; a gnoll corpse
Found a stone staircase leading up.
There is a stone staircase leading up here.
A bat comes into view.
The bat misses you.
You barely miss the bat. The bat barely misses you. The bat barely misses you.
The bat completely misses you. The bat barely misses you.
You sock the bat!
You kill the bat!
No target in view!
No target in view!
No target in view!
No target in view!
c - 2 bread rations {@e1} (gained 1)
Found an escape hatch in the ceiling.
No target in view!
You are feeling hungry.
You see here 23 arrows.
A goblin comes into view. It is wielding a dagger.
The goblin shouts!
The goblin moves out of view.
The goblin is too close now for your liking.
A goblin is nearby!
The goblin misses you.
You hit the goblin.
You kill the goblin!
No target in view!
No target in view!
Things that are here:
a dagger; a goblin corpse You butcher the goblin corpse.
k - 3 chunks of flesh {@w0}
Things that are here:
a dagger; a goblin skeleton Eating one of 3 chunks of flesh {@w0}.
You start eating one of the 3 chunks of flesh {@w0}.
Done exploring.
A frilled lizard comes into view.
You barely miss the frilled lizard. The frilled lizard closely misses you.
You barely miss the frilled lizard.
The frilled lizard bites you but does no damage.
You hit the frilled lizard.
You kill the frilled lizard!
No target in view!
No target in view!
(D) Dungeon
Where to? (Enter - D:3 @ (x,y), ? - help)
There is a stone staircase leading down here.
You climb downwards.
You hear the sound of rushing water.
There is an entrance to a sewer on this level.
Hurry and find it before the portal rusts away!
You hear the hiss of flowing sand.
There is an entrance to an ossuary on this level.
Hurry and find it before the portal is buried! 3 giant cockroaches come into view.
Found a scroll labeled AHOECIN VADEASCH.
Found a glowing drain.
Found a stone staircase leading up.
There is a stone staircase leading up here.
An ogre comes into view. It is wielding a giant spiked club.
You see here a scroll labeled AHOECIN VADEASCH.
t - a scroll labeled AHOECIN VADEASCH The ogre shouts!
The adder hisses angrily.
Found an escape hatch in the ceiling.
Found a stone staircase leading down.
An orc wizard comes into view. It is wielding a dagger.
The orc wizard moves out of view.
An orc comes into view. It is wielding a trident.
An orc wizard comes into view. It is wielding a dagger.
The orc wizard shouts! 2 orc priests come into view.
There is a stone staircase leading down here.
The orc shouts!
The orc priest shouts!
You hear a shout!
The orc priest shouts!
You climb downwards.
A centaur comes into view.
There is a stone staircase leading up here.
The centaur shouts!
The centaur wields a shortbow.
The centaur shoots an arrow.
The arrow barely misses you.
The centaur shoots an arrow.
The arrow hits you!!
Ouch! That really hurt!
* * * LOW HITPOINT WARNING * * *
Found Xifekk's Gadget Shop.
You see here an arrow.
You take 18 damage, and have 6/24 hp.
MASSIVE DAMAGE!!
The centaur unwields an uncursed shortbow.
The centaur hits you!
You die...

###∩. # .... ###.
#..# ....##..###
..........#
#........#
#.......?##
#....c@(..#####..
#................
..........<.(.###
.#..###.#####....#
#. #.# ##.# # #.#
#.# #.#


You could see a centaur.

Vanquished Creatures
  3 gnolls (D:3)
  2 adders (D:3)
  2 dart slugs
  A leopard gecko (D:3)
  2 giant cockroaches
  11 goblins
  5 hobgoblins
  2 quokkas
  A ball python (D:1)
  6 bats
  4 frilled lizards
  4 kobolds
  7 rats
50 creatures vanquished.

Notes
Turn   | Place    | Note
-------+----------+-------------------------------------------
     0 | D:1      | deepsabbath the Deep Elf Fire Elementalist began the quest for the Orb.
     0 | D:1      | Reached XP level 1. HP: 10/10 MP: 6/6
   169 | D:1      | Reached skill level 3 in Dodging
   276 | D:1      | Reached XP level 2. HP: 15/15 MP: 8/8
   404 | D:2      | Noticed Sigmund
  1150 | D:1      | Reached skill level 4 in Dodging
  1543 | D:1      | Reached XP level 3. HP: 19/19 MP: 9/9
  2229 | D:3      | Reached skill level 5 in Dodging
  2401 | D:3      | Reached XP level 4. HP: 24/24 MP: 10/10
  2521 | D:3      | HP: 4/24 [gnoll/spear (9)]
  2532 | D:3      | HP: 1/24 [gnoll/flail (12)]
  2931 | D:4      | Found a glowing drain.
  2934 | D:4      | Noticed an ogre
  2943 | D:5      | Entered Level 5 of the Dungeon
  2943 | D:5      | Noticed a centaur
  2945 | D:5      | Found Xifekk's Gadget Shop.
  2945 | D:5      | HP: 6/24 [centaur/arrow (18)]
  2946 | D:5      | Slain by a centaur

Vault maps used:
D:1:      dpeg_arrival_ternary
D:2:      uniq_sigmund
D:3:      first_bread, serial_bayou_pond_e
D:4:      minitemple, enter_ossuary_4, gup_sewer_entry_glass
D:5:      old_standard_altar, serial_shops, shop

Skill      XL: |  1  2  3 |
---------------+----------+-----
Dodging        | 3 4 5 |  5.8
Stealth        | |  2.4
Spellcasting   | |  3.0
Conjurations   | |  1.1
Fire Magic     | |  3.2

Action                   |  1- 3 |  4- 6 || total
-------------------------+-------+-------++-------
Melee: Mace              |   158 |    42 ||   200
  Use: Potion            |       |     3 ||     3
 Stab: Sleeping          |     7 |       ||     7
       Distracted        |     1 |       ||     1
  Eat: Chunk             |     5 |     2 ||     7
Armor: Robe              |    30 |     3 ||    33
Dodge: Dodged            |   217 |    47 ||   264

Vault maps used:
D:1:      dpeg_arrival_ternary
D:2:      uniq_sigmund
D:3:      first_bread, serial_bayou_pond_e
D:4:      minitemple, enter_ossuary_4, gup_sewer_entry_glass
D:5:      old_standard_altar, serial_shops, shop

Table legend:
 A = Turns spent in this place as a percentage of turns spent in the entire game.
 B = Non-inter-level travel turns spent in this place as a percentage of non-inter-level travel turns spent in the entire game.
 C = Inter-level travel turns spent in this place as a percentage of turns spent in this place.
 D = Turns resting spent in this place as a percentage of non-inter-level travel turns spent in this place.
 E = Turns spent auto-exploring this place as a percentage of non-inter-level travel turns spent in this place.
 F = Non-inter-level travel turns spent in this place divided by the number of levels of this place that you've seen.
                   A       B       C       D       E      F
               +-------+-------+-------+-------+-------+----------------------
         Total | 100.0 | 100.0 |   1.9 |   3.7 |   6.2 | 185.0
       Dungeon | 100.0 | 100.0 |   1.9 |   3.7 |   6.2 | 185.0
               +-------+-------+-------+-------+-------+----------------------

Table legend:
 A = Kills in this place as a percentage of kills in entire the game.
 B = Kills by you in this place as a percentage of kills by you in the entire game.
 C = Kills by friends in this place as a percentage of kills by friends in the entire game.
 D = Other kills in this place as a percentage of other kills in the entire game.
 E = Experience gained in this place as a percentage of experience gained in the entire game.
 F = Experience gained in this place divided by the number of levels of this place that you have seen.
                   A       B       C       D       E      F
               +-------+-------+-------+-------+-------+----------------------
         Total | 100.0 | 100.0 |  -nan |  -nan | 100.0 |  29.0
       Dungeon | 100.0 | 100.0 |  -nan |  -nan | 100.0 |  29.0
               +-------+-------+-------+-------+-------+----------------------
